Unix NetHack Version 5.0.0-0 post-release - last build May  4 2026 22:22:43 (774f63e81ad911689b3a0859ea89b322d5daca8d,branch:main).

Game began 2026-05-08 17:02:50, ended 2026-05-08 17:22:17.

BSL2425737, lawful female human Valkyrie

   ------- ---
  --.|.|.---.------
  |...........|.|.--                ----
  --.-----.........| ----      ---- |..|
   ---   --....-...---..|      |..| |..|
          |.........|...|     --..--|..|   |.....
          |-............|     |....-|.--  --.....--
          |............--     |.....|.|  ....))@..--
        --|.-------..---      |.....|.|  -.`).......
       --.|%|  -----------------....|.|-- .......*..
       |....| |..-----................|.----...--..?
       --...---.........--->-.............|     |...
       --...........--.--|................--    |.|
       |.........--.|--- --.--.......<.....------.|
       |....---.....--    -----.....................
        -.......-....--       --............-----.--
        -------.......|        --.................|
              |.......|         --........---------
              --.--..--          --.......|
               -------            -----.---
                                      ---
BSL2425737 the Skirmisher   St:18/02 Dx:11 Co:14 In:11 Wi:9 Ch:10  Lawful
Dlvl:4  $:22 HP:0(38) Pw:7(7) AC:6  Xp:4 T:1208 

Latest messages:
 You are hit by a dart.
 You kill the gnome!
 You see here a food ration.
 You learn more about your items by comparing them.
 d - an uncursed food ration (3 in total).
 Really step onto that dart trap? [yn] (n) y
 There is a dart trap here.
 You escape a dart trap.
 You hit the rock piercer!
 You hit the rock piercer!
 The rock piercer bites!
 You miss the rock piercer.
 You hit the rock piercer!
 You miss the rock piercer.
 You kill the rock piercer!
 You hear a chugging sound.
 You see here 9 rocks.
 You kill the gnome!
 You are hit by an arrow.
 You are hit by an arrow.
 You hear a monster behind the boulder.
 Perhaps that's why you cannot move it.
 You hear a monster behind the boulder.
 Perhaps that's why you cannot move it.
 The gnome lord swings his bow.
 The gnome lord hits!
 The gnome lord swings his bow.
 The gnome lord hits!
 You hit the gnome lord!
 The gnome lord swings his bow.
 The gnome lord misses!
 The gnome lord swings his bow.
 The gnome lord just misses!
 You hit the gnome lord!
 The gnome lord swings his bow.
 The gnome lord hits!
 The gnome lord swings his bow.
 The gnome lord hits!
 You miss the gnome lord.
 The gnome lord swings his bow.
 The gnome lord hits!
 The gnome lord shoots an arrow!
 You are hit by an arrow.
 You are hit by an arrow!
 You die...
 Do you want your possessions identified? [ynq] (y) y
 Do you want to see your attributes? [ynq] (y) n
 Do you want an account of creatures vanquished? [ynaq] (y) n
 Do you want to see your conduct and achievements? [ynq] (y) n
 Do you want to see the dungeon overview? [ynq] (y) n

Inventory:
 Coins    ('$')
  $ - 22 gold pieces
 Weapons  (')')
  e - a +0 crossbow
  b - 2 +0 daggers (alternate weapons; not wielded)
  a - a +1 spear (weapon in right hand)
  k - a +0 aklys
 Armor    ('[')
  l - a cursed -2 pair of gauntlets of fumbling
  j - an uncursed +0 pair of iron shoes
  c - an uncursed +3 small shield (being worn)
 Comestibles  ('%')
  d - 3 uncursed food rations
 Spellbooks  ('+')
  g - an uncursed spellbook of magic missile
 Rings    ('=')
  i - a cursed ring of aggravate monster
 Tools    ('(')
  f - a cursed crystal ball (0:5)
  m - an uncursed partly used wax candle (lit)
 Gems/Stones  ('*')
  n - an uncursed aquamarine stone

BSL2425737 the Valkyrie's attributes:

Background:
 You were a Skirmisher, a level 4 human Valkyrie.
 You were lawful, nominally on a mission for Tyr
 who was opposed by Odin (neutral) and Loki (chaotic).
 You were right-handed.
 You were in the Gnomish Mines, on level 4.
 You entered the dungeon 1208 turns ago.
 You had 125 experience points, 35 more were needed to attain level 5.

Basics:
 You had 0 out of 38 hit points.
 You had all 7 energy points (spell power).
 Your armor class was 6.
 Your wallet contained 22 zorkmids.
 Autopickup was off.

Final Characteristics:
 Your strength was 18/02 (limit:18/100).
 Your dexterity was 11 (limit:18).
 Your constitution was 14 (limit:18).
 Your intelligence was 11 (limit:18).
 Your wisdom was 9 (limit:18).
 Your charisma was 10 (limit:18).

Final Status:
 You weren't hungry.
 You were unencumbered.
 You were wielding a spear.
 You had basic skill with spear.

Final Attributes:
 You were devoutly aligned.
 You were cold resistant.
 You were stealthy.
 You are dead.

Miscellaneous:
 You didn't encounter any bones levels.
 Total elapsed playing time was 19 minutes and 23 seconds.

Major events:
 Turn
    1: BSL2425737 the lawful human Valkyrie entered the dungeon
  677: entered the Gnomish Mines
  698: attained the rank of Skirmisher (level 3)
 1208: killed by an arrow

You didn't know any spells.

Skills:
 Fighting Skills
   bare handed combat [Unskilled]
   two weapon combat  [Unskilled]
   riding             [Unskilled]
 Weapon Skills
   dagger             [Basic]
   axe                [Unskilled]
   pick-axe           [Unskilled]
   short sword        [Unskilled]
   broadsword         [Unskilled]
   long sword         [Unskilled]
   two-handed sword   [Unskilled]
   saber              [Unskilled]
   hammer             [Unskilled]
   quarterstaff       [Unskilled]
   polearms           [Unskilled]
   spear              [Basic]
   trident            [Unskilled]
   lance              [Unskilled]
   sling              [Unskilled]
 Spellcasting Skills
   attack spells      [Unskilled]
   escape spells      [Unskilled]

Voluntary challenges:
 Character rerolling was not enabled.
 You followed a strict vegan diet.
 You were an atheist.
 You were illiterate.
 You never genocided any monsters.
 You never polymorphed an object.
 You never changed form.
 You used no wishes.
Achievements:
 You entered the Gnomish Mines.
 You attained the rank of Skirmisher.

 The Dungeons of Doom: levels 1 to 2
    Level 1:
       A sink.
    Level 2:
       Many altars, a fountain.
       Stairs down to The Gnomish Mines.
 The Gnomish Mines: levels 3 to 4
    Level 3:
    Level 4: <- You were here.
       Final resting place for
          you, killed by an arrow.


Vanquished creatures:
  a rock piercer
  2 gnome leaders
  a gnomish wizard
  a kitten
  a dwarf
 an iguana
  a large kobold
 14 gnomes
  a gecko
  4 jackals
  2 foxes
  a kobold
  2 goblins
  a grid bug
  3 newts
36 creatures vanquished.

No species were genocided or became extinct.

Game over:
                       ----------
                      /          \
                     /    REST    \
                    /      IN      \
                   /     PEACE      \
                  /                  \
                  |    BSL2425737    |
                  |      22 Au       |
                  |   killed by an   |
                  |      arrow       |
                  |                  |
                  |                  |
                  |       2026       |
                 *|     *  *  *      | *
        _________)/\\_//(\/(/\)/\//\/|_)_______

Farvel BSL2425737 the Valkyrie...

You died in The Gnomish Mines on dungeon level 4 with 670 points,
and 22 pieces of gold, after 1208 moves.
You were level 4 with a maximum of 38 hit points when you died.

